 Dungeon Sprint DCSS version bcrawl-1.23 (webtiles) character file.

Game seed: 3982742186736149969

83 Freyura the Shield-Bearer (level 4, -2/39 HPs)
             Began as a Formicid Fighter on May 24, 2020.
             Was an Initiate of Okawaru.
             Slain by a centaur warrior (8 damage)
             ... in the Dungeon (Sprint IX: "|||||||||||||||||||||||||||||").
             The game lasted 00:03:18 (131 turns).

Freyura the Shield-Bearer (Formicid Fighter)         Turns: 131, Time: 00:03:19

Health: -2/39      AC:  7    Str: 21    XL:     4   Next: 71%
Magic:  0/4        EV: 11    Int:  9    God:    Okawaru [......]
Gold:   0          SH: 10    Dex: 11    Spells: 3/3 levels left

rFire    . . .     SeeInvis +   o - +2 morningstar of Misery {crush, Int+2}
rCold    . . .     Gourm    .   c - +0 medium shield
rNeg     . . .     Faith    .   b - +0 scale mail
rPois    .         Spirit   .   (helmet unavailable)
rElec    .         Reflect  .   (no cloak)
rCorr    .         Harm     .   (no gloves)
MR       .....                  (no boots)
Stlth    ..........             (no amulet)
HPRegen  0.13/turn              u - +2 ring of evasion
MPRegen  0.09/turn              (no ring)

@: no status effects
A: permanent stasis, dig shafts and tunnels, four strong arms, antennae 3
a: Dig, Renounce Religion


You were in the Dungeon.
You worshipped Okawaru.
Okawaru was noncommittal.
You were not hungry.

You visited 1 branch

Inventory:

Hand Weapons
 o - the +2 morningstar of Misery (weapon) {crush, Int+2}
   (You found it in the Dungeon)

   It inflicts extra damage upon your enemies.
   It affects your intelligence (+2).
Armour
 b - a +0 scale mail (worn)
 c - a +0 medium shield (worn)
 q - a +0 pair of gloves
 r - a +0 pair of boots
 s - a +0 plate armour
Jewellery
 u - a +2 ring of evasion (left hand)
Wands
 n - a wand of iceblast (10)
Scrolls
 k - 2 scrolls of blinking
 l - 3 scrolls of remove curse
 m - 2 scrolls of amnesia
Potions
 d - a potion of invisibility
 f - 5 potions of curing
 g - 3 potions of heal wounds
 h - a potion of haste
 i - 4 potions of magic
 j - a potion of berserk rage
Comestibles
 e - a ration {!d}


   Skills:
 + Level 5.0 Fighting
 * Level 5.2 Maces & Flails
 + Level 4.9 Armour
 + Level 2.7 Dodging
 + Level 5.4 Shields
 + Level 0.0 Invocations


You had 3 spell levels left.
You didn't know any spells.
Your spell library was empty.

Dungeon Overview and Level Annotations

Branches:
Dungeon (1/1)

Altars:
Cheibriados
Dithmenos
Elyvilon
Fedhas
Gozag
Hepliaklqana
Kikubaaqudgha
Lugonu
Makhleb
Nemelex Xobeh
Okawaru
Qazlal
Ru
Sif Muna
Trog
Uskayaw
Vehumet
Wu Jian
Xom
Yredelemnul
Zin
The Shining One
Beogh
Jiyva


Innate Abilities, Weirdness & Mutations

You cannot be hasted, slowed, berserked, paralysed or teleported.
You can dig through walls and to a lower floor.
Your four strong arms can wield two-handed weapons with a shield.
You have a pair of large antennae on your head. (SInv)


Message History

You sock the centaur warrior!
The centaur warrior is moderately wounded.
You block the centaur warrior's attack. x2
The eye of draining gazes at you.
You closely miss the centaur warrior.
The centaur warrior is moderately wounded.
The centaur warrior hits you! The centaur warrior barely misses you.
Your scale mail prevents you from hitting the centaur warrior.
The centaur warrior is moderately wounded.
The centaur warrior completely misses you.
You block the centaur warrior's attack.
You puncture the centaur warrior!
The centaur warrior is heavily wounded.
You block the centaur warrior's attack. The centaur warrior hits you!
* * * LOW HITPOINT WARNING * * *
The eye of draining gazes at you.
You sock the centaur warrior!
The centaur warrior is almost dead.
The centaur warrior hits you!
You die... {{{{{{{{ {{{{{{ ▓▓▓▓▓▓▓▓▓▓▓▓▓▓▓▓▓▓▓▓▓▓▓▓ +HGaohc@.=...)|..'______ ▓▓▓▓▓▓▓▓▓▓▓▓▓▓▓▓▓▓▓▓▓▓▓▓

You could see a centaur warrior, a hippogriff, an eye of draining, an orc warrior, a hound and a worker ant.

Vanquished Creatures
  A crimson imp (D)
  A worker ant (D)
  2 adders (D)
  An orc (D)
  A bat (D)
  2 hobgoblins (D)
  2 rats (D)
10 creatures vanquished.

Notes
Turn   | Place    | Note
-------+----------+-------------------------------------------
     0 | D        | Freyura the Formicid Fighter began the quest for the Orb.
     0 | D        | Reached XP level 1. HP: 18/18 MP: 1/1
    49 | D        | Noticed a worker ant
    49 | D        | Noticed a crimson imp
    52 | D        | Reached skill level 1 in Dodging
    52 | D        | Reached XP level 2. HP: 25/25 MP: 2/2
    55 | D        | Reached XP level 3. HP: 30/30 MP: 3/3
    56 | D        | Reached skill level 5 in Shields
    57 | D        | Reached XP level 4. HP: 38/38 MP: 4/4
    64 | D        | Reached skill level 5 in Fighting
    64 | D        | Reached skill level 5 in Maces & Flails
    71 | D        | Found a roughly hewn altar of Beogh.
    71 | D        | Found a snail-covered altar of Cheibriados.
    71 | D        | Found a shadowy altar of Dithmenos.
    71 | D        | Found a white marble altar of Elyvilon.
    71 | D        | Found a blossoming altar of Fedhas.
    71 | D        | Found an opulent altar of Gozag.
    72 | D        | Found a hazy altar of Hepliaklqana.
    73 | D        | Found a viscous altar of Jiyva.
    74 | D        | Found an ancient bone altar of Kikubaaqudgha.
    75 | D        | Found a corrupted altar of Lugonu.
    76 | D        | Found a burning altar of Makhleb.
    77 | D        | Found a sparkling altar of Nemelex Xobeh.
    78 | D        | Found an iron altar of Okawaru.
    79 | D        | Found a stormy altar of Qazlal.
    80 | D        | Found a sacrificial altar of Ru.
    81 | D        | Found a shimmering blue altar of Sif Muna.
    82 | D        | Found a bloodstained altar of Trog.
    83 | D        | Found a hide-covered altar of Uskayaw.
    84 | D        | Found a radiant altar of Vehumet.
    85 | D        | Found an ornate altar of the Wu Jian Council.
    86 | D        | Became a worshipper of Warmaster Okawaru
    87 | D        | Found a shimmering altar of Xom.
    88 | D        | Found a basalt altar of Yredelemnul.
    89 | D        | Found a glowing silver altar of Zin.
    90 | D        | Found a glowing golden altar of the Shining One.
   107 | D        | Got the +2 morningstar of Misery {crush, Int+2}
   107 | D        | Got the +3 war axe of the Extremes {elec, rElec rF+ rN+}
   125 | D        | Noticed a hippogriff
   125 | D        | Noticed an eye of draining
   125 | D        | Noticed an orc warrior
   125 | D        | Noticed a centaur warrior
   131 | D        | Slain by a centaur warrior

Skill      XL: |  1  2  3  4 |
---------------+-------------+-----
Shields        | 4 5 |  5.4
Maces & Flails | 3 4 5 |  5.2
Dodging        | 1 2 |  2.7
Fighting       | 4 5 |  5.0
Armour         | 4 |  4.9

Action                   |  1- 3 |  4- 6 || total
-------------------------+-------+-------++-------
Melee: Flail             |    20 |     7 ||    27
       Morningstar       |       |     5 ||     5
  Use: Potion            |     1 |       ||     1
Armor: Scale mail        |     6 |     2 ||     8
Dodge: Dodged            |     5 |     2 ||     7
Block: Medium shield     |    12 |     7 ||    19
